 Dungeon Crawl Stone Soup version 0.17-a0-2073-gde5cdba (webtiles) character file.

1190 ololoev the Cleaver (level 8, 26/71 HPs)
             Began as a Hill Orc Fighter on Oct 15, 2015.
             Quit the game in the Ecumenical Temple.
             The game lasted 00:09:39 (1314 turns).

ololoev the Cleaver (Hill Orc Fighter)              Turns: 1314, Time: 00:09:40

Health: 26/71      AC: 11    Str: 17    XL:     8   Next: 43%
Magic:  8/8        EV:  5    Int:  8    God:
Gold:   26         SH:  8    Dex: 10    Spells: 0 memorised, 7 levels left

rFire  . . .     SeeInvis .     a - +0 war axe
rCold  . . .     Clarity  +     d - +0 chain mail
rNeg   . . .     SustAt   .     c - +0 shield
rPois  .         Gourm    .     (helmet restricted)
rElec  .         Spirit   .     (no cloak)
rCorr  .         Warding  .     f - +0 pair of gloves
rMut   .         Stasis   .     (no boots)
MR     .....                    j - amulet of faith
Stlth  ..........               (no ring)
                                (no ring)

@: not resistant to hostile enchantments, extremely unstealthy
A: horns 1, talons 1, berserk 1, clarity, weak 2, subdued magic 1
a: no special abilities


Innate Abilities, Weirdness & Mutations

You have a pair of small horns on your head.
You have sharp toenails.
You tend to lose your temper in combat.
You possess an exceptional clarity of mind.
You are very weak. (Str -4)
Your spells are a little easier to cast, but a little less powerful.

Inventory:

Hand Weapons
 a - a +0 war axe (weapon)
Armour
 c - a +0 shield (worn)
 d - a +0 chain mail (worn)
 f - a +0 pair of gloves (worn)
Jewellery
 j - an amulet of faith (around neck)
Scrolls
 b - a scroll of amnesia
 g - a scroll of identify
 i - a scroll of immolation
 m - a scroll of blinking
 o - 2 scrolls of remove curse
Comestibles
 e - a bread ration
 h - a chunk of flesh
 l - a royal jelly


   Skills:
 + Level 6.8 Fighting
 * Level 9.4 Axes
 + Level 6.4 Armour
 - Level 3.2 Shields


You had 7 spell levels left.
You didn't know any spells.
You were in the Ecumenical Temple. You were hungry. You visited 2 branches of the dungeon, and saw 7 of its levels. You collected 65 gold pieces. You spent 39 gold pieces at shops. #### ##...# #..... #.._.. ##+### #.....###.....# #...'#........ ##@........ #.....###. #....##### #....#'...+# #...##.....# +...##..<..# #...##.....# #....#+...+# ##.. #####

Notes
Turn   | Place    | Note
--------------------------------------------------------------
     0 | D:1      | ololoev the Hill Orc Fighter began the quest for the Orb.
     0 | D:1      | Reached XP level 1. HP: 19/19 MP: 1/1
    89 | D:1      | Reached XP level 2. HP: 25/27 MP: 2/2
   553 | D:4      | Noticed an ogre
   563 | D:4      | Killed an ogre
   563 | D:4      | Reached skill level 4 in Fighting
   563 | D:4      | Reached XP level 3. HP: 20/34 MP: 3/3
   563 | D:4      | Reached XP level 4. HP: 24/41 MP: 4/4
   616 | D:4      | Found Vicamo's Magic Scroll Shop.
   625 | D:4      | Bought a scroll of random uselessness for 13 gold pieces
   670 | D:4      | Noticed Menkaure
   683 | D:4      | Killed Menkaure
   683 | D:4      | Reached skill level 5 in Fighting
   683 | D:4      | Reached skill level 5 in Axes
   683 | D:4      | Reached XP level 5. HP: 20/48 MP: 5/5
   683 | D:4      | Reached XP level 6. HP: 23/56 MP: 6/6
   811 | D:5      | Entered Level 5 of the Dungeon
   894 | D:4      | Reached skill level 6 in Axes
   998 | D:4      | Bought a scroll of identify for 26 gold pieces
  1051 | D:5      | Found a shattered altar of Ashenzari.
  1054 | D:5      | Found a glowing silver altar of Zin.
  1057 | D:5      | Found a glowing golden altar of the Shining One.
  1057 | D:5      | Noticed Edmund
  1060 | D:5      | Found a white marble altar of Elyvilon.
  1064 | D:5      | Gained mutation: You are weak. (Str -2) [potion of mutation]
  1064 | D:5      | Gained mutation: Your spells are a little easier to cast, but a little less powerful. [potion of mutation]
  1064 | D:5      | Gained mutation: Scrolls take you a little longer to read. [potion of mutation]
  1065 | D:5      | Gained mutation: You have sharp toenails. [potion of mutation]
  1065 | D:5      | Gained mutation: You possess an exceptional clarity of mind. [potion of mutation]
  1065 | D:5      | Gained mutation: You are very weak. (Str -4) [potion of mutation]
  1090 | D:5      | Killed Edmund
  1090 | D:5      | Reached skill level 5 in Armour
  1109 | D:5      | Reached skill level 7 in Axes
  1109 | D:5      | Reached XP level 7. HP: 37/61 MP: 7/7
  1160 | D:5      | Noticed Pikel
  1185 | D:5      | Killed Pikel
  1185 | D:5      | Reached skill level 8 in Axes
  1185 | D:5      | Reached XP level 8. HP: 29/71 MP: 8/8
  1239 | D:6      | Gained mutation: Your flesh is heat resistant. [potion of mutation]
  1239 | D:6      | Lost mutation: Scrolls take you a little longer to read. [potion of mutation]
  1280 | D:6      | Reached skill level 9 in Axes
  1286 | D:6      | Gained mutation: You tend to lose your temper in combat. [mutagenic meat]
  1288 | D:6      | Gained mutation: You have a pair of small horns on your head. [mutagenic meat]
  1289 | D:6      | Lost mutation: Your flesh is heat resistant. [mutagenic meat]
  1292 | D:6      | Found a staircase to the Ecumenical Temple.
  1296 | D:6      | Noticed Duvessa
  1296 | D:6      | Noticed Dowan
  1301 | Temple   | Entered the Ecumenical Temple
  1314 | Temple   | Quit the game

Dungeon Overview and Level Annotations

Branches:
Dungeon (6/15)             Temple (1/1) D:6

Altars:
Ashenzari
Elyvilon
Kikubaaqudgha
Zin
The Shining One

Shops:
D:4 ?

Annotations:
D:6 Dowan, Duvessa


Message History

This meat tastes really weird.
A pair of horns grows on your head!
Eat which item? (? for menu, Esc to quit)
This meat tastes really weird.
You no longer feel heat resistant.
A scorpion comes into view.
An ogre comes into view. It is wielding a giant club.
The ogre shouts!
Found an amulet of faith.
You see here 26 stones.
Found a staircase to the Ecumenical Temple.
You see here 8 gold pieces.
Found a stone staircase leading up.
A giant gecko comes into view.
Duvessa and Dowan come into view.
Duvessa shouts!
Dowan shouts!
Dowan casts a spell.
Dowan blinks!
The giant gecko bites you but does no damage.
Dowan says, "Magic and the sword, together, will defeat you."
Dowan zaps a wand.
You block the puff of frost.
It is a wand of frost.
There is a staircase to the Ecumenical Temple here.
Dowan says, "My weaknesses are her strengths!"
Dowan mumbles some strange words.
Dowan blinks!
You block the giant gecko's attack.
You climb downwards.
Welcome to the Ecumenical Temple!
There is a staircase back to the Dungeon here.
You hit the giant gecko.
The giant gecko is heavily wounded.
The giant gecko closely misses you.
You slash the giant gecko!
You kill the giant gecko!
You see here a giant gecko corpse.
You butcher the giant gecko corpse.
h - a chunk of flesh You open the door.
There is an open door here.
You open the door.
Found an ancient bone altar of Kikubaaqudgha.
Are you sure you want to abandon this character and quit the game? (Confirm with "yes".)

There were no monsters in sight!

Vanquished Creatures
  Pikel (D:5)
  Menkaure (D:4)
  Edmund (D:5)
  A sky beast (D:6)
  2 ogres
  A wyvern zombie (D:6)
  A water moccasin zombie (D:6)
  A worker ant (D:4)
  2 adders
  2 worms
  3 adder skeletons
  3 giant geckos
  4 orcs
  2 ball pythons
  A bat (D:1)
  2 giant cockroaches
  3 hobgoblins
  9 jackals
  2 quokkas (D:4)
  A giant newt (D:4)
  2 goblins (D:1)
  3 kobolds
  A quokka skeleton (D:5)
  4 rats
53 creatures vanquished.

Action                   |  1- 3 |  4- 6 |  7- 9 || total
-------------------------+-------+-------+-------++-------
Melee: War axe           |    61 |   102 |    56 ||   219
  Use: Potion            |     1 |     7 |     1 ||     9
       Scroll            |       |       |     7 ||     7
  Eat: Chunk             |       |     1 |     4 ||     5

Vault maps used:
D:1:      dpeg_chamrin_arrival_tetris, minmay_close_crescents
D:3:      nicolae_ru_sacrificial_ziggurat
D:4:      led_sif_book, first_bread, st_stairs_1, minmay_crystal_room,
          kennysheep_small_square, uniq_menkaure
D:5:      grunt_dithmenos_smoke, grunt_temple_overflow_cloverleaf,
          overflow_temple_1_default, nicolae_tso_besieged_by_evil, uniq_edmund,
          uniq_sigmund, uniq_pikel, uniq_eustachio
D:6:      kennysheep_mini_moat, minmay_temple_entry_trees, basic_altar,
          uniq_duvessa
Temple:   nicolae_temple_figure_zero
